 Dungeon Crawl Stone Soup version 0.22-b1-21-g5cfc168 (webtiles) character file.

90 mickael the Cutter (level 4, -4/32 HPs)
             Began as a Demonspawn Artificer on Aug 4, 2018.
             Slain by an orc
             ... wielding a +0 war axe
              (12 damage)
             ... on level 3 of the Dungeon.
             The game lasted 00:07:27 (3713 turns).

mickael the Cutter (Demonspawn Artificer)           Turns: 3713, Time: 00:07:28

Health: -4/32      AC:  4    Str: 13    XL:     4   Next: 32%
Magic:  6/6        EV: 11    Int: 12    God:
Gold:   96         SH:  3    Dex: 14    Spells: 3/3 levels left

rFire    . . .     SeeInvis .   a - +0 short sword
rCold    . . .     Gourm    .   k - +0 buckler
rNeg     . . .     Faith    .   b - +0 leather armour
rPois    .         Spirit   .   (helmet restricted)
rElec    .         Reflect  .   p - +0 cloak
rCorr    .         Harm     .   (no gloves)
MR       .....                  (no boots)
Stlth    +.........             (no amulet)
HPRegen  0.10/turn              (no ring)
MPRegen  0.10/turn              (no ring)

@: no status effects
A: antennae 1, sturdy frame 1
a: no special abilities


You were on level 3 of the Dungeon.
You were not hungry.

You visited 1 branch of the dungeon, and saw 4 of its levels.

You collected 96 gold pieces.

Inventory:

Hand Weapons
 a - a +0 short sword (weapon)
Missiles
 h - 31 stones (quivered)
Armour
 b - a +0 leather armour (worn)
 k - a +0 buckler (worn)
 l - a +0 ring mail
 p - a +0 cloak (worn)
Jewellery
 r - an uncursed ring of magical power {unknown}
Wands
 c - a wand of flame (13)
 d - a wand of enslavement (15)
 e - a wand of random effects (15)
Scrolls
 i - a scroll of remove curse
 n - a scroll of random uselessness {unknown}
 o - 2 scrolls of magic mapping {unknown}
 q - a scroll of enchant armour {unknown}
Potions
 g - a potion of brilliance {unknown}
 j - a potion of flight {unknown}
Comestibles
 f - 3 rations


   Skills:
 - Level 1.0 Fighting
 * Level 3.8 Short Blades
 - Level 1.7 Dodging
 - Level 0.8 Stealth
 - Level 3.0 Evocations


You had 3 spell levels left.
You didn't know any spells.
Your spell library was empty.

Dungeon Overview and Level Annotations

Branches:
Dungeon (4/15)
 Temple: D:4-7

Altars:
Elyvilon
Wu Jian

Annotations:
D:2 Sigmund


Innate Abilities, Weirdness & Mutations

You have a pair of small antennae on your head.
Your movements are slightly less encumbered by armour. (ER -2)


Message History

The orc hits you with a war axe.
The orc wizard hits you but does no damage.
You hit the orc wizard.
The orc wizard is severely wounded.
The orc wizard hits you but does no damage.
The orc hits you but does no damage.
You hit the orc wizard but do no damage.
The orc wizard is severely wounded.
The orc wizard points at you and mumbles some strange words.
The magic dart hits you!
You closely miss the orc wizard.
The orc wizard is heavily wounded.
The orc barely misses you. The orc wizard casts a spell at you.
The magic dart hits you!
* * * LOW HITPOINT WARNING * * *
You hit the orc wizard.
The orc wizard is severely wounded.
The orc hits you with a war axe!
You die...

...# ...###
...>.#####
.........#
.....###.# ...###
#.# ...# #.# ####
###.##############
#..#......o@o....#
#.#.############.#
#.#.# #.# #.#.#
#.# ######.#.# #.#
.........# #.#
.......###
#.#########
#####...##
#.........#
..##.....########
#########.#


You could see an orc wizard and an orc.

Vanquished Creatures
  3 adders
  An ooze (D:1)
  A dart slug (D:1)
  A leopard gecko (D:3)
  2 orcs
  4 giant cockroaches
  4 goblins
  8 hobgoblins
  A quokka (D:3)
  10 bats
  6 frilled lizards
  8 kobolds
  3 rats
52 creatures vanquished.

Notes
Turn   | Place    | Note
-------+----------+-------------------------------------------
     0 | D:1      | mickael the Demonspawn Artificer began the quest for the Orb.
     0 | D:1      | Reached XP level 1. HP: 15/15 MP: 3/3
    10 | D:1      | Reached skill level 1 in Short Blades
   239 | D:1      | Gained mutation: You have a pair of small antennae on your head. [demonic ancestry]
   239 | D:1      | Reached XP level 2. HP: 8/21 MP: 4/4
  1282 | D:1      | Gained mutation: Your movements are slightly less encumbered by armour. (ER -2) [demonic ancestry]
  1282 | D:1      | Reached XP level 3. HP: 18/26 MP: 5/5
  2014 | D:2      | Noticed Sigmund
  2571 | D:3      | Reached XP level 4. HP: 11/32 MP: 6/6
  3073 | D:3      | Found a white marble altar of Elyvilon.
  3494 | D:4      | Found an ornate altar of the Wu Jian Council.
  3713 | D:3      | Slain by an orc

Skill      XL: |  1  2  3 |
---------------+----------+-----
Short Blades   | 1 2 3 |  3.8
Fighting       | |  1.0
Dodging        | |  1.7
Stealth        | |  0.8
Evocations     | |  3.0

Action                   |  1- 3 |  4- 6 || total
-------------------------+-------+-------++-------
Melee: Short sword       |   144 |    63 ||   207
       Dagger            |    30 |       ||    30
Throw: Stone             |       |     1 ||     1
Evoke: Wand              |     2 |       ||     2
  Use: Scroll            |     3 |       ||     3
 Stab: Sleeping          |     2 |       ||     2
  Eat: Chunk             |     5 |     4 ||     9
Armor: Leather armour    |    58 |    18 ||    76
Dodge: Dodged            |   160 |    40 ||   200
Block: Buckler           |       |     8 ||     8
